 Dungeon Crawl Stone Soup version 0.30-a0-377-g5cb311bc9f (webtiles) character file.

Game seed: 15501132103297805958

178390 ragingrage the Brawler (level 16, -6/148 (165) HPs)
             Began as a Troll Fighter on Nov 29, 2022.
             Was the Champion of Ru.
             Killed from afar by a deep elf sorcerer (45 damage)
             ... with damnation
             ... on level 1 of the Elven Halls on Nov 30, 2022.
             The game lasted 00:52:45 (31306 turns).

ragingrage the Brawler (Troll Fighter)             Turns: 31306, Time: 00:52:45

HP:   -6/148 (165)  AC: 15    Str: 28    XL:     16   Next: 98%
MP:   10/15         EV: 14    Int: 10    God:    Ru [******]
Gold: 854           SH: 15    Dex:  9    Spells: 7/15 levels left

rFire   . . .      SeeInvis .      - Unarmed
rCold   . . .      Faith    .    a - +0 kite shield
rNeg    . . .      Spirit   .    q - +5 robe of Misfortune {Harm *Corrode *Slow EV+5}
rPois   +          Reflect  +    I - +1 hat
rElec   .          Harm     +    K - +0 cloak
rCorr   .          Rampage  .    (gloves unavailable)
Will    +....                    (boots unavailable)
Stlth   ..........               W - amulet of reflection
HPRegen 1.24/turn                B - ring of poison resistance
MPRegen 0.14/turn                H - +4 ring of protection

@: exhausted, heavily drained, unable to drink
A: large, unfitting armour, claws 3, regeneration 1, screaming 1, shaggy fur 1,
tough skin 1, inability to drink after injury 2, no stealth, cowardly, no air
magic, no conjurations magic, no hexes magic, unskilled 1, missing an eye
}: 2/15 runes: decaying, abyssal
a: Renounce Religion, Draw Out Power, Power Leap, Apocalypse


You were on level 1 of the Elven Halls.
You worshipped Ru.
Ru was exalted by your worship.
You visited 7 branches of the dungeon, and saw 30 of its levels.
You visited the Abyss 1 time.

You collected 3332 gold pieces.
You spent 2478 gold pieces at shops.

Inventory:

Hand Weapons
 b - a +0 war axe of flaming
 k - the +4 sling of False Accusations {drain, Fly rC+ Dex+4}
   (You found it on level 11 of the Dungeon)

   A truly terrible weapon, it drains the life of any living foe it strikes.
   Dex:       It affects your dexterity (+4).
   rC:        It protects you from cold.
   Fly:       It grants you flight.
Missiles
 n - 34 boomerangs
 v - 31 poisoned darts
 M - 3 throwing nets
 P - 7 silver javelins
 U - 14 large rocks (quivered)
 V - 3 silver boomerangs
Armour
 a - a +0 kite shield (worn)
 o - +0 acid dragon scales
 q - the +5 robe of Misfortune (worn) {Harm *Corrode *Slow EV+5}
   (You found it on level 3 of the Dungeon)

   EV:        It affects your evasion (+5).
   *Corrode:  It may corrode you when you take damage.
   *Slow:     It may slow you when you take damage.
   Harm:      It increases damage dealt and taken.
 I - a +1 hat (worn)
 K - a +0 cloak (worn)
 X - +1 gold dragon scales
Jewellery
 d - a ring of flight
 s - a ring of ice
 x - a ring of see invisible
 B - a ring of poison resistance (left claw)
 H - a +4 ring of protection (right claw)
 W - an amulet of reflection (around neck)
Wands
 m - a wand of mindburst (10)
 y - a wand of flame (62)
 G - a wand of charming (42)
 J - a wand of digging (3)
 O - a wand of light (7)
 Q - a wand of roots (28)
Scrolls
 e - 6 scrolls of poison
 f - 5 scrolls of magic mapping
 i - 7 scrolls of amnesia
 l - 8 scrolls of teleportation
 r - 8 scrolls of identify
 u - 4 scrolls of vulnerability
 w - 6 scrolls of immolation
 C - 4 scrolls of fear
 F - a scroll of fog
 L - a scroll of blinking
 T - a scroll of summoning
 Z - 7 scrolls of silence
Potions
 c - 7 potions of might
 h - 3 potions of berserk rage
 j - 6 potions of flight
 p - 20 potions of curing
 t - 2 potions of haste
 z - 5 potions of mutation
 A - 7 potions of lignification
 E - a potion of resistance {unknown}
 N - a potion of ambrosia
 R - 2 potions of cancellation
 S - 6 potions of heal wounds
 Y - 7 potions of brilliance
Miscellaneous
 g - a tin of tremorstones (1/2)
 D - a box of beasts (inert)


   Skills:
 + Level 12.0 Fighting
 - Level 6.0 Throwing
 + Level 0.9 Armour
 - Level 2.2 Dodging
 - Level 11.0 Shields
 + Level 18.1 Unarmed Combat
 + Level 7.4 Transmutations
 + Level 4.8 Earth Magic
 - Level 3.6 Evocations


You had 7 spell levels left.
You knew the following spells:

 Your Spells              Type           Power      Damage    Failure   Level
a - Wereblood             Tmut           14%        N/A       4%          2
b - Statue Form           Tmut/Erth      8%         N/A       100%        6

Your spell library contained the following spells:

 Spells                   Type           Power      Damage    Failure   Level
 Beastly Appendage        Tmut           28%        N/A       3%          1
 Passwall                 Tmut/Erth      10%        N/A       9%          2
 Sandblast                Erth           18%        2d7       10%         1
 Spider Form              Tmut/Pois      7%         N/A       41%         3
 Apportation              Tloc           0%         N/A       56%         1
 Necrotise                Necr           0%         1d4       56%         1
 Summon Small Mammal      Summ           0%         N/A       56%         1
 Ignite Poison            Fire/Tmut/Pois 4%         N/A       58%         3
 Vampiric Draining        Necr           0%         2d6       90%         3
 Animate Armour           Summ/Erth      8%         N/A       94%         4
 Dispel Undead            Necr           0%         3d6       100%        4
 Summon Ice Beast         Ice/Summ       0%         N/A       100%        4
 Agony                    Necr           0%         N/A       100%        5
 Summon Forest            Summ/Tloc      0%         N/A       100%        5
 Eringya's Noxious Bog    Tmut/Pois      3%         N/A       100%        6
 Simulacrum               Ice/Necr       0%         N/A       100%        6
 Monstrous Menagerie      Summ           0%         N/A       100%        7
 Summon Hydra             Summ           0%         N/A       100%        7
 Stone Arrow              Conj/Erth      Unusable   3d7       N/A         3
 Ensorcelled Hibernation  Hex/Ice        Unusable   N/A       N/A         2
 Kindle Blastsparks       Fire/Tloc/Air  Unusable   2d10      N/A         3
 Swiftness                Air            Unusable   N/A       N/A         3
 Fulminant Prism          Conj/Hex       Unusable   3d5       N/A         4
 Sticky Flame             Conj/Fire      Unusable   2d3       N/A         4
 Freezing Cloud           Conj/Ice/Air   Unusable   6-21      N/A         5
 Summon Mana Viper        Hex/Summ       Unusable   N/A       N/A         5
 Iron Shot                Conj/Erth      Unusable   9d2       N/A         6

Dungeon Overview and Level Annotations

Branches:
Dungeon (15/15)            Temple (1/1) D:6            Lair (5/5) D:11
  Swamp (4/4) Lair:3       Spider (0/4) Lair:3        Slime (2/5) Lair:4
    Orc (2/2) D:10            Elf (1/3) Orc:2        Vaults (0/5) D:14
 Depths (0/4) D:15

Altars:
Ashenzari
Cheibriados
Dithmenos
Elyvilon
Fedhas
Gozag
Hepliaklqana
Kikubaaqudgha
Makhleb
Nemelex Xobeh
Okawaru
Qazlal
Ru
Sif Muna
Trog
Uskayaw
Vehumet
Wu Jian
Xom
Yredelemnul
Zin
The Shining One
Jiyva

Shops:
Orc:2 (*[(

Portals:
Hell: Lair:5
Trove: D:11 (give +3 storm dragon scales)

Annotations:
D:6 2 runed translucent doors
Slime:1 exclusion: downstairs


Innate Abilities, Weirdness & Mutations

You are too large for most types of armour.
You have claws for hands.
Your natural rate of healing is unusually fast.
You occasionally shout uncontrollably at your foes.
You are covered in fur. (AC +1)
You have tough skin. (AC +1)
You sometimes lose the ability to drink potions when taking damage.
You cannot be stealthy.
Your cowardice makes you less effective in combat with threatening foes.
You cannot study or cast Air magic.
You cannot study or cast Conjurations magic.
You cannot study or cast Hexes magic.
You are somewhat unskilled. (-1 Apt)
You are missing an eye, making it more difficult to aim.


Message History

Aim: a deep elf zephyrmancer, wielding a +0 short sword (almost dead, about 50% to evade your claws)
You mangle the deep elf zephyrmancer!!
You kill the deep elf zephyrmancer!
The deep elf pyromancer begins to cast a spell, but is stunned by your conviction!
Okay, then.
Aiming: Bolt of Light
Press: ? - help, Shift-Dir - straight line, f - deep elf sorcerer
Aim: a deep elf sorcerer, wielding a +0 dagger (38% to hit)
The bolt of light misses the deep elf sorcerer.
The deep elf sorcerer gestures at you while chanting.
The bolt of acid hits you!!!
* * * LOW HITPOINT WARNING * * *
As you read the scroll of fear, it crumbles to dust.
You assume a fearsome visage.
The deep elf pyromancer looks frightened!
The deep elf sorcerer resists with almost no effort.
The deep elf pyromancer casts a spell.
The deep elf pyromancer blinks!
Okay, then.
You cannot drink potions in your current state!
As you read the scroll of fear, it crumbles to dust.
You assume a fearsome visage.
The deep elf sorcerer easily resists.
The deep elf pyromancer casts a spell.
The deep elf pyromancer blinks!
You open the lid... ...and a larval shockfire beast leaps out!
The box is emptied!
The deep elf sorcerer gestures wildly while chanting.
The deep elf sorcerer seems to speed up.
The deep elf pyromancer mumbles some strange words.
The deep elf pyromancer blinks!
Blink to where?
Press: ? - help, Dir - move target, p - deep elf sorcerer
As you read the scroll of blinking, it crumbles to dust.
The deep elf sorcerer wildly gestures.
The deep elf sorcerer glows brightly for a moment.
You redirect the deep elf sorcerer's attack!
The deep elf sorcerer points at you and mumbles some strange words.
The sphere of damnation explodes!
The damnation engulfs you!!!
You die...

#... ##### #...#
....## ...... #...#
..... #############
...##....e).....#
#.. #..#..⌠..#..⌠..#
#...##.#..).H#)....#
#......'.....#..@..#
.....#e#...).#.....#
##. ###..⌠))#))⌠..#
#.....).....#
############# #.?E#
##... ##... .....


You could see a deep elf sorcerer (fast) and a friendly larval shockfire beast
(summoned).

Vanquished Creatures
  Mlioglotl (Swamp:3)
  Frances (Swamp:1)
  A tentacled starspawn (Abyss:3)
  A thorn hunter (Swamp:4)
  Roxanne (D:15)
  A rockslime (Lair:4)
  Louise (D:15)
  An orc warlord (Orc:2)
  3 eleionomae
  2 bunyips
  2 dire elephants (Lair:5)
  An ettin (D:15)
  3 shambling mangroves
  Snorg (Lair:4)
  A fire dragon (D:14)
  Harold (Orc:1)
  A vault guard (D:14)
  3 centaur warriors
  21 hydras
  2 catoblepae
  5 two-headed ogres
  5 boulder beetles
  6 alligators
  Erica (D:8)
  The ghost of Amyuvoew the Cleaver, a novice MiFi of Okawaru (Lair:1)
  4 death yaks
  6 tengu warriors
  2 orc high priests
  A sun demon (Lair:5)
  2 deep elf knights (Elf:1)
  The ghost of bande the Cleaver, a novice GrFi of Okawaru (D:7)
  Nergalle (Lair:2)
  8 skeletal warriors
  A fire crab (Lair:3)
  2 goliath frogs (Swamp:1)
  A deep elf archer (Elf:1)
  13 swamp dragons
  6 deep elf pyromancers
  3 bog bodies
  2 orc knights (Orc:2)
  5 wizards
  A mana viper (Abyss:3)
  3 necromancers
  3 deep elf zephyrmancers (Elf:1)
  3 lindwurms (Swamp:4)
  2 orc sorcerers
  23 ugly things
  4 cyclopes (D:12)
  7 will-o-the-wisps
  A wolf spider (Lair:5)
  4 manticores
  2 smoke demons
  Maurice (D:9)
  An eye of devastation (Lair:4)
  An eye of devastation (shapeshifter) (D:13)
  11 elephants
  4 black mambas
  A torpor snail (Lair:3)
  3 unseen horrors
  A gargoyle (D:14)
  5 cane toads
  2 rime drakes
  A large abomination (Abyss:3)
  A kobold demonologist (D:11)
  A yaktaur (D:14)
  5 ice devils (Lair:5)
  4 komodo dragons
  A tengu conjurer (D:14)
  A red devil (Lair:5)
  2 ancient zymes (Abyss:3)
  3 trolls
  3 tyrant leeches
  3 polar bears
  16 slime creatures
  24 blink frogs
  17 dream sheep
  9 hornets
  4 jumping spiders (Lair:3)
  3 spriggans
  5 culicivoras (Lair:3)
  2 air elementals (Elf:1)
  5 flying skulls (Abyss:3)
  3 vampires
  A shadow (D:9)
  2 water elementals (D:12)
  3 basilisks
  2 wraiths (D:13)
  3 wyverns
  Eustachio (D:4)
  15 humans (D:14)
  31 yaks
  2 redbacks (Lair:3)
  3 steam dragons
  18 vampire mosquitoes
  A harpy simulacrum (D:15)
  4 wargs
  9 swamp worms
  4 swamp drakes (Swamp:4)
  3 acid dragons
  13 water moccasins
  4 hell hounds (Lair:5)
  Duvessa (D:7)
  A floating eye (Lair:4)
  32 orc warriors
  5 ogres
  2 black bears
  A wolf (Lair:5)
  4 centaurs
  2 kobold brigands
  20 bullfrogs
  3 gnoll sergeants
  2 small abominations (Abyss:3)
  2 scorpions
  2 necrophages
  22 wights
  6 killer bees (D:11)
  Dowan (D:7)
  8 howler monkeys
  3 jellies
  6 electric eels
  5 hounds
  A gnoll bouda (D:6)
  20 orc priests
  6 iguanas
  32 orc wizards
  16 gnolls
  8 adders
  2 river rats (D:4)
  A shadow imp (D:7)
  3 white imps
  3 ufetubi
  A dart slug (D:4)
  3 worms
  107 orcs
  13 endoplasms
  8 giant cockroaches
  9 goblins
  A hobgoblin (D:1)
  4 jackals (D:3)
  7 quokkas
  7 ball pythons
  4 bats (D:1)
  3 frilled lizards
  10 kobolds
  9 rats
846 creatures vanquished.

Vanquished Creatures (collateral kills)
  A shambling mangrove (Swamp:3)
  A hydra (Swamp:3)
  A spriggan druid (Swamp:3)
  3 hornets (Swamp:3)
  A dream sheep (Lair:5)
  A spriggan (Swamp:3)
8 creatures vanquished.

Vanquished Creatures (others)
  2 hydras
  A goliath frog (Swamp:4)
  A demonic crawler (Abyss:3)
  A troll (D:6)
  A polar bear (Lair:1)
  An orc wizard (Orc:1)
  3 orcs (Orc:2)
  6 briar patches (Swamp:4)
  14 foxfires
  17 fungi
  26 plants
  6 starspawn tentacles (Abyss:3)
79 creatures vanquished.

Grand Total: 933 creatures vanquished

Notes
Turn   | Place    | Note
-------+----------+-------------------------------------------
     0 | D:1      | ragingrage the Troll Fighter began the quest for the Orb.
     0 | D:1      | Reached XP level 1. HP: 22/22 MP: 0/0
    75 | D:1      | Reached XP level 2. HP: 29/29 MP: 1/1
   577 | D:2      | Reached skill level 3 in Unarmed Combat
   726 | D:2      | Reached XP level 3. HP: 31/36 MP: 2/2
  1262 | D:3      | Found the +5 robe of Misfortune {Harm *Corrode *Slow EV+5}
  1299 | D:3      | Reached skill level 4 in Unarmed Combat
  1299 | D:3      | Reached XP level 4. HP: 28/44 MP: 3/3
  1634 | D:3      | Found an ancient bone altar of Kikubaaqudgha.
  1807 | D:3      | Reached skill level 5 in Unarmed Combat
  1807 | D:3      | Reached XP level 5. HP: 50/50 MP: 4/4
  2261 | D:4      | Identified the +5 whip of Hacking and Slashing {spect, rN+
                  | Will+}
  2433 | D:4      | Reached skill level 6 in Unarmed Combat
  2433 | D:4      | Reached XP level 6. HP: 59/59 MP: 5/5
  2435 | D:4      | Noticed Eustachio
  2448 | D:4      | Killed Eustachio
  2490 | D:4      | Reached skill level 7 in Unarmed Combat
  2644 | D:4      | Noticed an orc warrior
  2779 | D:4      | Killed an orc warrior
  2780 | D:4      | Reached XP level 7. HP: 60/66 MP: 6/6
  2925 | D:4      | Reached skill level 8 in Unarmed Combat
  3266 | D:5      | Entered Level 5 of the Dungeon
  3476 | D:5      | Reached skill level 9 in Unarmed Combat
  3786 | D:5      | Reached XP level 8. HP: 73/74 MP: 7/7
  3943 | D:6      | Reached skill level 10 in Unarmed Combat
  4277 | D:6      | Found a staircase to the Ecumenical Temple.
  4369 | Temple   | Entered the Ecumenical Temple
  4665 | Temple   | Became a worshipper of Ru the Awakened
  4948 | D:6      | Reached skill level 11 in Unarmed Combat
  4978 | D:6      | Reached XP level 9. HP: 36/80 MP: 8/8
  4982 | D:6      | Reached skill level 12 in Unarmed Combat
  5022 | D:6      | Found a large runed translucent door.
  5022 | D:6      | Found a large runed translucent door.
  5052 | D:6      | Found a large runed translucent door.
  5052 | D:6      | Found a large runed translucent door.
  5054 | D:6      | Noticed a manticore
  5054 | D:6      | Noticed a troll
  5114 | D:6      | Got Nararoa's Textbook on Congregated Enchantment
  5300 | D:6      | Reached skill level 13 in Unarmed Combat
  5608 | D:7      | Noticed Duvessa
  5608 | D:7      | Noticed Dowan
  5613 | D:7      | Killed Duvessa
  5616 | D:7      | Killed Dowan
  5884 | D:7      | Gained mutation: You cannot study or cast Air magic. [Ru
                  | sacrifice]
  5884 | D:7      | Gained mutation: You cannot study or cast Hexes magic. [Ru
                  | sacrifice]
  5884 | D:7      | Gained mutation: You cannot study or cast Conjurations
                  | magic. [Ru sacrifice]
  5884 | D:7      | Reached * piety under Ru
  5914 | D:7      | Noticed bande's ghost (novice GrFi)
  5915 | D:7      | Found a runed translucent gate.
  5915 | D:7      | Found a runed translucent gate.
  5915 | D:7      | Found a runed translucent gate.
  5915 | D:7      | Identified the +5 chain mail "Damuos" {rElec rC- rN+}
  6306 | D:8      | Reached XP level 10. HP: 67/90 MP: 9/9
  6511 | D:8      | Found a shimmering altar of Xom.
  7369 | D:8      | Noticed Erica
  7391 | D:8      | Killed Erica
  7392 | D:8      | Reached skill level 14 in Unarmed Combat
  7829 | D:9      | Gained mutation: You cannot be stealthy. [Ru sacrifice]
  7829 | D:9      | Reached ** piety under Ru
  7925 | D:9      | Found an ornate altar of the Wu Jian Council.
  7944 | D:9      | Reached skill level 5 in Shields
  8017 | D:9      | Reached skill level 5 in Fighting
  8122 | D:9      | Found a bloodstained altar of Trog.
  8438 | D:9      | Reached skill level 1 in Evocations
  8536 | D:9      | Noticed a two-headed ogre
  8542 | D:9      | Killed a two-headed ogre
  8543 | D:9      | Reached XP level 11. HP: 84/104 MP: 10/10
  8572 | D:10     | Entered Level 10 of the Dungeon
  8577 | D:10     | Noticed Maurice
  8611 | D:9      | Killed Maurice
  8697 | D:10     | Noticed a two-headed ogre
  8872 | D:10     | Gained mutation: You occasionally shout uncontrollably at
                  | your foes. [Ru sacrifice]
  9015 | D:10     | Found a hazy altar of Hepliaklqana.
  9309 | D:10     | Found a staircase to the Orcish Mines.
  9412 | D:10     | Killed a two-headed ogre
  9607 | D:10     | Found a snail-covered altar of Cheibriados.
  9836 | D:11     | Found a portal to a secret trove of treasure.
  9955 | D:11     | Reached skill level 15 in Unarmed Combat
 10074 | D:11     | Noticed a boulder beetle
 10095 | D:11     | Killed a boulder beetle
 10208 | D:11     | Noticed a two-headed ogre
 10216 | D:11     | Killed a two-headed ogre
 10256 | D:11     | Gained mutation: You occasionally lose the ability to drink
                  | potions when taking damage. [Ru sacrifice]
 10256 | D:11     | Gained mutation: You sometimes lose the ability to drink
                  | potions when taking damage. [Ru sacrifice]
 10256 | D:11     | Reached *** piety under Ru
 10383 | D:11     | Found a staircase to the Lair.
 10535 | D:11     | Identified the +4 sling of False Accusations {drain, Fly
                  | rC+ Dex+4}
 10761 | D:12     | Noticed a brown ugly thing
 10768 | D:12     | Killed a brown ugly thing
 10813 | D:12     | Reached XP level 12. HP: 104/115 MP: 11/11
 11066 | D:12     | Noticed a two-headed ogre
 11074 | D:12     | Killed a two-headed ogre
 11332 | D:12     | Gained mutation: You are somewhat unskilled. (-1 Apt) [Ru
                  | sacrifice]
 11332 | D:12     | Reduced skill Unarmed Combat to level 14
 11332 | D:12     | Reached **** piety under Ru
 11332 | D:12     | Reached ***** piety under Ru
 12302 | D:13     | Noticed a boulder beetle
 12313 | D:13     | Killed a boulder beetle
 12412 | D:13     | Reached skill level 1 in Throwing
 13131 | Lair:1   | Entered Level 1 of the Lair of Beasts
 13221 | Lair:1   | Gained mutation: Your cowardice makes you less effective in
                  | combat with threatening foes. [Ru sacrifice]
 13480 | Lair:1   | Found a large runed translucent door.
 13480 | Lair:1   | Found a large runed translucent door.
 13487 | Lair:1   | Noticed Amyuvoew's ghost (novice MiFi)
 13647 | Lair:1   | Reached skill level 15 in Unarmed Combat
 14074 | Lair:2   | Noticed Nergalle
 14276 | Lair:1   | Reached XP level 13. HP: 95/127 MP: 12/12
 14364 | Lair:2   | Killed Nergalle
 14451 | Lair:2   | Got the Cyclopedia of Ignition and Iniquitous Deeds
 14517 | Lair:2   | Identified the +10 long sword "Kep Suu" {speed, Fly}
 14715 | Lair:2   | Gained mutation: You are missing an eye, making it more
                  | difficult to aim. [Ru sacrifice]
 14715 | Lair:2   | Reached ****** piety under Ru
 14867 | Lair:3   | Found a hole to the Spider Nest.
 14975 | Lair:3   | Found a staircase to the Swamp.
 15815 | Lair:3   | Reached skill level 5 in Throwing
 16616 | Lair:4   | Noticed Snorg
 16791 | Lair:4   | Found a staircase to the Slime Pits.
 16791 | Lair:4   | Found a viscous altar of Jiyva.
 16943 | Lair:5   | Entered Level 5 of the Lair of Beasts
 17028 | Lair:4   | Identified the +0 helmet of Plasticity {rF- rN+ Will+++
                  | Str-2}
 17080 | Lair:4   | Paralysed by a floating eye for 4 turns
 17101 | Lair:4   | Killed Snorg
 17394 | Lair:4   | Reached XP level 14. HP: 136/137 MP: 13/13
 17397 | Lair:4   | Learned a level 2 spell: Wereblood
 17978 | Lair:5   | Reached skill level 1 in Transmutations
 18360 | Lair:5   | Reached skill level 10 in Shields
 18365 | Lair:5   | Reached skill level 16 in Unarmed Combat
 18771 | Lair:5   | Identified a scroll of acquirement
 18771 | Lair:5   | Acquired 863 gold pieces
 19172 | Lair:5   | Found a burning altar of Makhleb.
 19346 | Lair:5   | Found a gateway to Hell.
 19519 | Orc:1    | Entered Level 1 of the Orcish Mines
 19521 | Orc:1    | Noticed Harold
 19528 | Orc:1    | Killed Harold
 19621 | Orc:2    | Entered Level 2 of the Orcish Mines
 19832 | Orc:2    | Found a staircase to the Elven Halls.
 19896 | Orc:2    | Found Desegog's Weapon Shoppe.
 20510 | Orc:2    | Found Veonuf's Assorted Antiques.
 20655 | Orc:2    | Noticed an orc warlord
 20671 | Orc:2    | Killed an orc warlord
 20868 | Orc:2    | Found Decyelem's Antique Armour Shoppe.
 20876 | Orc:2    | Found Daefuxio's Antique Weapon Emporium.
 20883 | Orc:2    | Bought an embroidered hat for 161 gold pieces
 20897 | Orc:2    | Bought glowing gold dragon scales for 1909 gold pieces
 21386 | D:14     | Reached XP level 15. HP: 127/131 MP: 5/14
 21620 | D:14     | Found an iron altar of Okawaru.
 21659 | D:14     | Identified the +0 helmet of Poor Excuses {rPois}
 21670 | D:14     | Reached skill level 10 in Fighting
 21855 | Abyss:3  | Cast into level 3 of the Abyss (a wizard)
 21951 | Abyss:3  | Found a corrupted altar of Lugonu.
 22119 | Abyss:3  | Noticed a tentacled starspawn
 22129 | Abyss:3  | Killed a tentacled starspawn
 22140 | Abyss:3  | Noticed a lich
 22143 | Abyss:3  | Noticed a lich
 22352 | Abyss:3  | Noticed a tentacled starspawn
 22354 | Abyss:3  | Noticed a tentacled starspawn
 22355 | Abyss:3  | Got an abyssal rune of Zot
 22381 | D:14     | Escaped the Abyss
 22607 | D:14     | Found a gate to the Vaults.
 22793 | D:15     | Entered Level 15 of the Dungeon
 23188 | D:15     | Reached skill level 17 in Unarmed Combat
 23188 | D:15     | Reached skill level 5 in Transmutations
 23680 | D:15     | Found a staircase to the Depths.
 23718 | D:15     | Noticed Louise
 23734 | D:15     | Killed Louise
 24393 | D:15     | Identified Roxanne's Parchment of the Ground
 24393 | D:15     | Noticed Roxanne
 24408 | D:15     | Killed Roxanne
 24418 | D:15     | Learned a level 6 spell: Statue Form
 24976 | D:6      | Identified the +2 leather armour "Ybri" {MP+9}
 25075 | D:7      | Killed bande's ghost
 25105 | D:7      | Identified the +1 pair of gloves of Beauty {Dex+3}
 25350 | Lair:1   | Killed Amyuvoew's ghost
 25650 | Swamp:1  | Entered Level 1 of the Swamp
 25943 | Swamp:1  | Reached XP level 16. HP: 162/162 MP: 15/15
 26183 | Swamp:1  | Noticed Frances
 26299 | Swamp:2  | Reached skill level 1 in Earth Magic
 26894 | Swamp:3  | Noticed Mlioglotl
 26937 | Swamp:3  | Killed Mlioglotl
 27526 | Swamp:4  | Entered Level 4 of the Swamp
 27709 | Swamp:4  | Noticed a thorn hunter
 27967 | Swamp:1  | Killed Frances
 29061 | Swamp:4  | Reached skill level 18 in Unarmed Combat
 29093 | Swamp:4  | Killed a thorn hunter
 29333 | Orc:2    | Bought a +4 halberd of flaming for 408 gold pieces
 30370 | Swamp:4  | Got a decaying rune of Zot
 30773 | Slime:1  | Entered Level 1 of the Pits of Slime
 31043 | Slime:2  | Noticed an acid blob
 31240 | Elf:1    | Entered Level 1 of the Elven Halls
 31269 | Elf:1    | Paralysed by an air elemental for 1 turns
 31277 | Elf:1    | Paralysed by an air elemental for 1 turns
 31306 | Elf:1    | Killed from afar by a deep elf sorcerer

Illustrated notes

Levels and vault maps discovered:
D:1:      dpeg_arrival_stone_temple_mockup, layout_basic
D:2:      layout_loops_ring
D:3:      layout_loops_corners, kiku_gazebo_pond_becter
D:4:      minmay_razor_zed, layout_gridville, portal_sewer_entry_e,
          minivault_27, minmay_diced_spiral, uniq_eustachio
D:5:      layout_loops_cross, minmay_misc_feat_chi
D:6:      layout_layer_cave, minmay_temple_entry_fiery,
          minmay_hollow_rounded_squares
D:7:      layout_loops_ring, biasface_ghost_orc_armoury, uniq_duvessa
D:8:      layout_gridville, mainiacjoe_overflow_six_doors_small, uniq_erica
D:9:      layout_irregular_city, old_standard_altar,
          mainiacjoe_overflow_surrounded_room
D:10:     layout_stronghold, chei_slow_surprise, mainiacjoe_overflow_boulevard,
          hiddenorc1_lemuel, nicolae_concentric_dashed_squares_wild,
          uniq_maurice
D:11:     layout_roguey, lair_entry_dummy, enter_trove_6,
          hangedman_corner_corridor
D:12:     layout_basic, serial_curves, eino_curves_03, eino_curves_02
D:13:     layout_stronghold, minmay_misc_feat_encased,
          kennysheep_generic_room_13
D:14:     layout_rooms, grunt_vaults_entry_tiered,
          hangedman_abyss_or_decor_clamps, serial_rivers,
          chequers_serial_rivers_micro_a, chequers_serial_rivers_micro_d,
          chequers_serial_rivers_marsh, chequers_serial_rivers_room_a,
          chequers_serial_rivers_micro_a, okawaru_trees_1
D:15:     hangedman_depths_entry_civil_slaughter, layout_loops_ring,
          minmay_door_square, minmay_orc_keep, uniq_louise, uniq_roxanne
Temple:   minmay_temple_bridge_d
Lair:1:   layout_loops_ring, ebering_ghost_disaster_area,
          chequers_serial_rivers_micro_a, grunt_megastairs_5
Lair:2:   layout_big_grid, minmay_holes, serial_bayou_shore_a, uniq_nergalle
Lair:3:   nzn_winding_woodlands_stair_cross
          [nzn_winding_woodlands_5x15_split_checker,
          nzn_winding_woodlands_center_pierced_h,
          nzn_winding_woodlands_5x15_pockets, nzn_winding_woodlands_5x5_default,
          nzn_winding_woodlands_hourglass, nzn_winding_woodlands_5x15_garden,
          nzn_winding_woodlands_center_lodge,
          nzn_winding_woodlands_5x15_default], layout_gridlike,
          nicolae_swamp_entry_splash_gauntlet, nicolae_spider_entry_tight_spaces
Lair:4:   layout_regular_city, minmay_slime_entry_eyes, lemuel_fruit_tree,
          uniq_snorg
Lair:5:   evil_forest, layout_regular_city, lookout_lair_type
Swamp:1:  layout_basic_swamp, serial_swamp_ruin, evilmike_swamp_ruin_wall,
          evilmike_swamp_ruin_rubble_2, evilmike_swamp_ruin_house_5,
          swamp_pool5, uniq_frances
Swamp:2:  layout_basic_swamp, infiniplex_staircase_pool
Swamp:3:  layout_basic_swamp, evilmike_swamp_ruin_house_2, uniq_mlioglotl
Swamp:4:  swamp_alternative, layout_basic_swamp, swamp_pool1,
          nicolae_swamp_tree_designs
Slime:1:  cheibrodos_slime_lost_civilization_3, layout_caves,
          cheibrodos_slime_lost_civilization_5
Slime:2:  layout_caves
Orc:1:    layout_caves, uniq_harold
Orc:2:    grunt_orc_community_town_hall, layout_caves,
          grunt_orc_community_big_house_1, grunt_orc_community_big_house_2,
          grunt_orc_community_house_2, grunt_orc_community_house_1,
          grunt_orc_community_house_3, grunt_orc_community_house_2,
          grunt_orc_community_house_3, basic_altar
Elf:1:    nicolae_elf_arrival_fired_up, layout_loops_corners,
          portal_desolation_entry_holy_temple,
          gammafunk_ghost_wrathful_warriors, orc_legates, minmay_misc_feat_five,
          uniq_nikola

Skill      XL: |  1  2  3  4  5  6  7  8  9 10 11 12 13 14 15 16 |
---------------+-------------------------------------------------+-----
Unarmed Combat | 3 4 5 6 7 9 11 13 14 15 15 16 17 18 | 18.1
Shields        | 3 5 7 8 9 10 11 | 11.0
Fighting       | 3 5 6 7 8 9 11 12 | 12.0
Evocations     | 1 4 3 |  3.6
Throwing       | 2 5 6 |  6.0
Transmutations | 3 6 7 |  7.4
Earth Magic    | 4 |  4.8
Armour         | |  0.9
Dodging        | |  2.2

Action                   |  1- 3 |  4- 6 |  7- 9 | 10-12 | 13-15 | 16-18 || total
-------------------------+-------+-------+-------+-------+-------+-------++-------
Melee: Unarmed           |    93 |   115 |   300 |   552 |  1210 |   318 ||  2588
       Scimitar          |       |       |       |       |    63 |    73 ||   136
 Fire: Sling             |       |       |       |     4 |   171 |       ||   175
Throw: Dart              |       |       |       |    10 |    60 |     1 ||    71
       Boomerang         |       |       |       |    23 |    12 |       ||    35
       Large rock        |       |       |       |    11 |    24 |    26 ||    61
       Throwing net      |       |       |       |       |     1 |       ||     1
       Javelin           |       |       |       |       |       |     1 ||     1
 Cast: Wereblood         |       |       |       |       |    17 |     1 ||    18
Invok: Sacrifice Arcana  |       |       |     1 |       |       |       ||     1
       Sacrifice Stealth |       |       |       |     1 |       |       ||     1
       Sacrifice Purity  |       |       |       |     1 |       |       ||     1
       Sacrifice Drink   |       |       |       |     1 |       |       ||     1
       Power Leap        |       |       |       |     1 |    13 |    14 ||    28
       Sacrifice Courage |       |       |       |     1 |       |       ||     1
       Sacrifice Skill   |       |       |       |     1 |       |       ||     1
       Apocalypse        |       |       |       |       |     6 |     5 ||    11
       Sacrifice an Eye  |       |       |       |       |     1 |       ||     1
Evoke: Wand              |       |       |       |     9 |     5 |     5 ||    19
       Box of beasts     |       |       |       |       |     1 |     2 ||     3
       Tin of tremorston |       |       |       |       |     2 |     1 ||     3
  Use: Scroll            |       |       |       |     9 |    18 |     8 ||    35
       Potion            |       |       |       |     2 |     3 |       ||     5
 Stab: Sleeping          |     1 |     1 |     1 |       |       |       ||     3
       Invisible         |       |       |       |     1 |    20 |     2 ||    23
       Petrified         |       |       |       |       |     3 |       ||     3
       Distracted        |       |       |       |       |     5 |       ||     5
       Paralysed         |       |       |       |       |    16 |     5 ||    21
       Held in net/web   |       |       |       |       |     1 |       ||     1
Armor: Robe              |    29 |    23 |    71 |   131 |   266 |   110 ||   630
       Gold dragon scale |       |       |       |       |     4 |       ||     4
       Acid dragon scale |       |       |       |       |       |    15 ||    15
Dodge: Dodged            |    31 |    46 |   154 |   249 |   417 |   161 ||  1058
Block: Kite shield       |    36 |    31 |    72 |   202 |   709 |   315 ||  1365
       Reflection        |       |       |       |       |    11 |     1 ||    12

Table legend: (Time is in decaauts)
 A = Elapsed time spent in this place.
 B = Non-inter-level travel time spent in this place.
 C = Inter-level travel time spent in this place.
 D = Time resting spent in this place.
 E = Time spent auto-exploring this place.
 F = Levels seen in this place.
 G = Mean time per level.
                   A        B        C        D        E       F      G
               +--------+--------+--------+--------+--------+-----+--------+
         Total |  31494 |  27256 |   4238 |   2819 |  17657 |  31 | 1015.9 |
       Dungeon |  16711 |  14523 |   2188 |   1062 |  10338 |  15 | 1114.1 |
        Temple |    367 |    223 |    144 |      0 |    213 |   1 |  367.0 |
          Lair |   7308 |   6142 |   1166 |    615 |   3783 |   5 | 1461.6 |
         Swamp |   4439 |   4111 |    328 |    903 |   2154 |   4 | 1109.8 |
    Slime Pits |    281 |    246 |     35 |     33 |    148 |   2 |  140.5 |
  Orcish Mines |   1827 |   1454 |    373 |     27 |    967 |   2 |  913.5 |
   Elven Halls |     60 |     60 |      0 |      5 |      0 |   1 |   60.0 |
         Abyss |    497 |    497 |      0 |    173 |     54 |   1 |  497.0 |
               +--------+--------+--------+--------+--------+-----+--------+

Top non-repeatable levels by time:
  Lair:3: 2205 daAuts
  Lair:5: 1633 daAuts
    D:10: 1579 daAuts
    D:14: 1461 daAuts
  Lair:1: 1454 daAuts
 Swamp:4: 1437 daAuts
     D:6: 1424 daAuts
    D:15: 1376 daAuts
   Orc:2: 1365 daAuts
    D:13: 1324 daAuts
    D:11: 1211 daAuts
     D:8: 1183 daAuts
  Lair:4: 1133 daAuts
    D:12: 1105 daAuts
     D:3: 1081 daAuts
